 Dungeon Crawl Stone Soup version 0.30-a0-800-g7c544603b3 (webtiles) character file.

Game seed: 2099608424102278789

51 arthad the Caller (level 3, -1/14 HPs)
             Began as a Felid Summoner on Feb 22, 2023.
             Killed by divine providence
             ... invoked by an orc priest
              (15 damage)
             ... on level 3 of the Dungeon.
             The game lasted 00:09:00 (2381 turns).

arthad the Caller (Felid Summoner)                  Turns: 2381, Time: 00:09:00

Health: -1/14      AC:  1    Str: 10    XL:     3   Next: 57%
Magic:  12/16      EV: 17    Int: 18    God:
Gold:   135        SH:  0    Dex: 16    Spells: 0/6 levels left
                                        Lives:  0   Deaths: 1

rFire   . . .      SeeInvis +    (weapon unavailable)
rCold   . . .      Faith    .    (shield unavailable)
rNeg    . . .      Spirit   .    (body armour unavailable)
rPois   .          Reflect  .    (helmet unavailable)
rElec   .          Harm     .    (cloak unavailable)
rCorr   .          Rampage  .    (gloves unavailable)
Will    .....                    (boots unavailable)
Stlth   ++                       (no amulet)
HPRegen 0.22/turn                i - ring of magical power
MPRegen 0.15/turn                m - +6 ring of strength

@: quick
A: very small, claws 1, fangs 3, see invisible, speed 1, shaggy fur 1, stealthy
paws, no weapons or thrown items, no armour, multi-lived
a: no special abilities


You were on level 3 of the Dungeon.
You visited 1 branch of the dungeon, and saw 3 of its levels.

You collected 135 gold pieces.

Inventory:

Jewellery
 i - a ring of magical power (left paw)
 m - a +6 ring of strength (right paw)
Scrolls
 c - 4 scrolls of identify {unknown}
 d - a scroll of torment {unknown}
 e - a scroll of fear {unknown}
 k - a scroll of noise {unknown}
 l - a scroll of teleportation {unknown}
 n - a scroll of amnesia {unknown}
 p - a scroll of butterflies {unknown}
Potions
 a - a potion of magic
 b - 2 potions of might
 f - a potion of haste {unknown}
 g - a potion of curing {unknown}
 h - a potion of heal wounds {unknown}
 j - 2 potions of brilliance {unknown}
 o - a potion of ambrosia {unknown}


   Skills:
 - Level 2.6 Dodging
 - Level 2.6 Stealth
 + Level 2.4 Spellcasting
 * Level 5.8 Summonings


You couldn't memorise any spells.
You knew the following spells:

 Your Spells              Type           Power      Damage    Failure   Level
a - Summon Small Mammal   Summ           92%        N/A       1%          1
b - Call Imp              Summ           23%        N/A       2%          2
c - Call Canine Familiar  Summ           23%        N/A       4%          3

Your spell library contained the following spells:

 Spells                   Type           Power      Damage    Failure   Level
 Summon Guardian Golem    Hex/Summ       12%        N/A       16%         3
 Blink                    Tloc           4%         N/A       26%         2
 Lesser Beckoning         Tloc           4%         N/A       26%         2
 Momentum Strike          Conj/Tloc      4%         3d8       26%         2
 Summon Lightning Spire   Summ/Air       12%        N/A       45%         4


Dungeon Overview and Level Annotations

Branches:
Dungeon (3/15)

Altars:


Innate Abilities, Weirdness & Mutations

You have sharp claws.
You have razor-sharp teeth.
You have supernaturally acute eyesight. (SInv)
You cover ground quickly. (Speed+)
You are covered in fur. (AC +1)
Your paws help you pounce on unaware monsters.
You are incapable of wielding weapons or throwing items.
You cannot wear armour.
You gain extra lives every three experience levels.


Message History

Your hound bites the goblin!
The goblin dies!
Your quokka disappears in a puff of smoke!
j - 2 white potions (gained 1)
o - a green potion You now have 135 gold pieces (gained 10).
Found 3 stones.
c - 4 scrolls labelled LASAOKHL CUIMO (gained 1)
p - a scroll labelled BEGURE QYUPSOTS An orc priest and 2 orcs come into view.
An orc is wielding a +0 dagger of venom.
The orc shouts! x2; You hear a shout!
There are monsters nearby!
An orc comes into view. It is wielding a +0 club.
The orc hits your hound with a +0 dagger of venom.
Your hound is poisoned.
Your crimson imp blinks!
Your hound barely misses the orc.
The orc barely misses your hound.
Your hound bites the orc but does no damage.
Your hound bites the orc but does no damage.
The orc hits your hound with a +0 dagger of venom.
Your hound looks as sick as possible!
Your hound bites the orc but does no damage.
The orc hits your hound with a +0 dagger of venom.
Your hound looks as sick as possible!
Your hound bites the orc but does no damage.
Your hound bites the orc.
The orc closely misses your hound. x2
Your hound bites the orc but does no damage.
The orc misses your hound. x2; Your hound barely misses the orc.
Your hound dies!
Your hound's corpse disappears in a puff of smoke!
Your crimson imp barely misses the orc.
Your crimson imp hits the orc but does no damage.
Unknown command.
Casting: Call Canine Familiar (extremely dangerous; 4% risk of failure)
Confirm with . or Enter, or press ? or * to list all spells.
Your crimson imp disappears in a puff of smoke!
The orc priest invokes the aid of Beogh against you.
Beogh smites you!
Ouch! That really hurt!
You die...

......######..#..##
.####.............#
.# ###..#####..#.#
.# #....###.....#
.# #.#...#...#..#
.# #. #..)..##..#
.# #. ##(..###r##
.# #. #..[..##.# .#
#.#...#..)#@#
.....###....# .#..#
##.h## #.....oo§.#
#.###.o##.# . ....
..# #### ###


You could see an orc priest, 2 orcs, a friendly hound (summoned) and a friendly
quokka (summoned).

Vanquished Creatures
  A ball python (D:1)
1 creature vanquished.

Vanquished Creatures (collateral kills)
  A hound (D:2)
  An adder (D:2)
  A worm (D:2)
  3 dart slugs
  4 ball pythons
  6 bats
  6 endoplasms (D:1)
  4 giant cockroaches (D:1)
  10 goblins
  4 hobgoblins
  2 jackals (D:1)
  4 kobolds
  5 frilled lizards
  4 rats
55 creatures vanquished.

Grand Total: 56 creatures vanquished

Notes
Turn   | Place    | Note
-------+----------+-------------------------------------------
     0 | D:1      | arthad the Felid Summoner began the quest for the Orb.
     0 | D:1      | Reached XP level 1. HP: 7/7 MP: 4/4
   212 | D:1      | Reached XP level 2. HP: 11/11 MP: 3/6
   223 | D:1      | Learned a level 2 spell: Call Imp
   667 | D:1      | Found a faded altar of an unknown god.
   832 | D:1      | Reached skill level 5 in Summonings
   832 | D:1      | Reached XP level 3. HP: 14/14 MP: 2/7
   836 | D:1      | Learned a level 3 spell: Call Canine Familiar
  1618 | D:2      | Reached XP level 4. HP: 17/18 MP: 3/8
  2191 | D:3      | Slain by an adder
  2192 | D:3      | Reached XP level 3. HP: -1/14 MP: 11/16
  2381 | D:3      | Killed from afar by an orc priest

Illustrated notes

Levels and vault maps discovered:
D:1:      lightli_arrival_windingriver, layout_loops_ring,
          shapermc_ecumenical_altar_mp_vishouse, minmay_statues_item,
          minmay_3d_cube
D:2:      layout_rooms, serial_glass, glass_columns_b, glass_columns_a
D:3:      layout_loops_ring, minmay_circle_x

Skill      XL: |  1  2 |
---------------+-------+-----
Summonings     | 5 |  5.8
Dodging        | |  2.6
Stealth        | |  2.6
Spellcasting   | |  2.4

Action                     |  1- 3 |  4- 6 || total
---------------------------+-------+-------++-------
  Melee: Unarmed           |     5 |     5 ||    10
   Cast: Summon Small Mamm |    54 |     5 ||    59
         Call Imp          |    15 |     3 ||    18
         Call Canine Famil |     5 |     6 ||    11
    Use: Potion            |       |     1 ||     1
 Armour: Skin              |     1 |     1 ||     2
  Dodge: Dodged            |    16 |     8 ||    24

Table legend: (Time is in decaauts)
 A = Elapsed time spent in this place.
 B = Non-inter-level travel time spent in this place.
 C = Inter-level travel time spent in this place.
 D = Time resting spent in this place.
 E = Time spent auto-exploring this place.
 F = Levels seen in this place.
 G = Mean time per level.
                   A        B        C        D        E       F      G
               +--------+--------+--------+--------+--------+-----+--------+
         Total |   2161 |   2135 |     26 |      0 |   1648 |   3 |  720.3 |
       Dungeon |   2161 |   2135 |     26 |      0 |   1648 |   3 |  720.3 |
               +--------+--------+--------+--------+--------+-----+--------+

Top non-repeatable levels by time:
     D:1: 1233 daAuts
     D:2: 661 daAuts
     D:3: 267 daAuts
